Match 23576365
Unlisted

Match 23576365
End
Construct Barracks
Riflemen Squad
Riflemen Squad
Riflemen Squad
Grenade Package
Selects Advanced Infantry Battlegroup
Selects Convert to Ranger Squad
Convert to Ranger Squad
Infantry Support Center
Selects Frontline Medical Station
Frontline Medical Station
Construct Motor Pool
Convert to Ranger Squad
Construct Weapon Support Center
Improved M9 Bazooka Rockets
M1 Anti-tank Gun Team
M24 Chaffee Light Tank
M24 Chaffee Light Tank
Selects Ranger Weapon Training
Convert to Ranger Squad
Survival Training
Advanced Logistics
Construct Tank Depot
Riflemen Squad
Riflemen Squad
Frontline Medical Station
Convert to Ranger Squad
Theresa
丶ppx丶
PENPENACE
七彩斑斓的牛头人战士
Dellan Dancing Dirty!
BB12
ulT1Mate
【嗜血狼族】灵狐魅儿
0
0

Comments sign in to comment!

No comments posted yet!